Map: Port Aleksander LE

Players

TLO

  • Race: Zerg Zerg
  • Spawn Location: 5:00

Elazer - Winner!

  • Race: Zerg Zerg
  • Spawn Location: 11:00

Event: 2019 WCS Spring

VOD

Have the link to the VOD?

Description

Time

  • Played on: May 17, 2019, 3:31 p.m.
  • Length: 10:19

All games in this series

Show
View Real Time Build Order
Export as new Build Order

TLO Zerg 

Build Orders: Hatch First 

Get SALT Encoding   

  12  0:00  Drone  
  13  0:12  Overlord  
  13  0:17  Drone  
  14  0:31  Drone x2  
  16  0:48  Hatchery  
  15  0:51  Drone  
  15  0:55  Drone  
  17  0:59  Drone  
  18  1:05  Extractor  
  17  1:15  Spawning Pool  
  17  1:18  Drone  
  17  1:22  Drone  
  18  1:28  Drone  
  19  1:38  Overlord  
  19  1:51  Drone  
  20  2:01  Queen  
  20  2:02  Queen, Zergling x2  
  20  2:03  Zergling x2  
  26  2:09  Metabolic Boost  
  26  2:13  Drone  
  27  2:17  Drone  
  29  2:22  Drone  
  29  2:23  Drone  
  30  2:34  Drone  
  31  2:42  Hatchery  
  30  2:44  Drone  
  30  2:49  Overlord  
  31  2:51  Drone  
  31  2:54  Drone  
  33  3:01  Baneling Nest  
  32  3:09  Zergling x2  
  32  3:11  Zergling x2  
  32  3:12  Drone x3  
  36  3:13  Drone  
  36  3:16  Drone  
  36  3:17  Drone  
  39  3:20  Drone  
  39  3:26  Overlord, Drone  
  41  3:31  Zergling x2  
  41  3:34  Zergling x2  
  43  3:41  Zergling x2  
  43  3:45  Baneling, Zergling x2  
  43  3:46  Queen, Zergling x4  
  48  3:49  Zergling x2  
  48  3:50  Zergling x2  
  48  3:52  Zergling x2  
  48  3:54  Zergling x2  
  48  3:55  Zergling x2  
  52  3:56  Baneling  
  52  3:57  Zergling x2  
  52  4:02  Zergling x2  
  52  4:03  Baneling  
  52  4:04  Baneling  
  52  4:08  Overlord  
  52  4:09  Extractor  
  51  4:13  Overlord  
  51  4:22  Zergling x2  
  51  4:26  Zergling x2  
  51  4:27  Zergling x2  
  52  4:31  Zergling x2  
  52  4:32  Zergling x2  
  52  4:38  Roach Warren, Zergling x2  
  54  4:40  Hatchery, Drone  
  54  4:44  Zergling x4  
  53  4:51  Drone  
  52  4:57  Lair, Drone  
  52  4:58  Drone x2  
  55  5:00  Drone  
  55  5:04  Zergling x4  
  55  5:06  Baneling x2  
  58  5:07  Drone  
  59  5:14  Zergling x6  
  59  5:19  Drone  
  63  5:29  Roach x2  
  63  5:31  Drone  
  67  5:37  Evolution Chamber  
  67  5:38  Evolution Chamber  
  67  5:41  Overlord  
  65  5:43  Drone x3  
  65  5:49  Overlord  
  68  5:57  Glial Reconstitution  
  68  6:00  Roach x4  
  68  6:01  Roach  
  68  6:03  Zerg Missile Weapons Level 1  
  78  6:06  Roach x2  
  78  6:10  Drone  
  83  6:15  Roach  
  83  6:16  Drone  
  84  6:20  Roach  
  84  6:21  Roach  
  84  6:24  Drone  
  84  6:25  Drone  
  87  6:26  Drone x2  
  87  6:31  Drone  
  89  6:32  Overlord  
  89  6:40  Overlord  
  89  6:43  Overlord  
  89  6:45  Drone  
  90  6:50  Overlord, Zerg Ground Armor Level 1  
  90  6:52  Roach  
  91  6:57  Roach  
  91  7:01  Roach  
  87  7:05  Roach  
  87  7:07  Overlord  
  87  7:08  Overlord, Extractor  
  86  7:10  Drone x3  
  86  7:12  Roach  
  86  7:14  Drone x2  
  93  7:19  Roach  
  93  7:21  Roach  
  97  7:25  Roach  
  97  7:29  Roach  
  99  7:30  Queen x2  
  99  7:35  Roach, Overlord  
  104  7:38  Drone x2  
  104  7:40  Roach  
  104  7:41  Roach  
  104  7:44  Drone  
  111  7:48  Roach  
  113  7:52  Extractor, Drone x2  
  113  7:53  Roach x2, Extractor  
  113  7:55  Roach  
  113  7:57  Roach  
  120  8:00  Roach  
  120  8:05  Roach  
  122  8:06  Roach  
  123  8:16  Roach  
  123  8:17  Ravager  
  123  8:18  Overlord x4  
  126  8:25  Roach  
  126  8:26  Roach x2  
  132  8:28  Overlord  
  132  8:38  Overlord  
  132  8:41  Drone x3  
  132  8:46  Overlord  
  135  8:50  Roach x2  
  135  8:52  Drone  
  135  8:53  Drone  
  135  8:54  Roach  
  143  8:56  Pneumatized Carapace  
  143  8:59  Roach  
  143  9:01  Roach  
  147  9:04  Roach  
  147  9:06  Burrow  
  149  9:15  Roach x2  
  149  9:16  Roach  
  155  9:27  Overlord  
  155  9:30  Roach x6  
  163  9:32  Roach  
  163  9:35  Roach  
  163  9:36  Roach  
  169  9:39  Ravager  
  169  9:41  Roach x2  
  169  9:43  Roach  
  169  9:44  Overseer  
  176  9:49  Evolution Chamber, Roach x2  
  176  9:52  Roach  
  181  9:54  Roach  
  181  9:56  Roach  
  181  9:58  Roach  
  186  10:00  Roach  
Show
View Real Time Build Order
Export as new Build Order

Elazer Zerg - Winner!

Build Orders: Hatch First 

Get SALT Encoding   

  12  0:00  Drone  
  13  0:12  Overlord  
  13  0:17  Drone  
  14  0:30  Drone  
  14  0:31  Drone  
  16  0:49  Hatchery  
  15  0:51  Drone  
  15  0:56  Drone  
  17  0:59  Drone  
  18  1:10  Extractor  
  17  1:14  Spawning Pool  
  17  1:17  Drone  
  17  1:21  Drone  
  18  1:28  Drone  
  19  1:39  Drone  
  20  1:49  Drone  
  21  2:00  Overlord  
  21  2:01  Queen x2, Zergling x2  
  26  2:09  Metabolic Boost  
  26  2:13  Drone  
  26  2:14  Drone  
  28  2:22  Drone x2  
  30  2:33  Zergling x4  
  32  2:41  Hatchery  
  31  2:44  Drone  
  31  2:47  Overlord  
  32  2:57  Drone x2  
  33  3:06  Drone x2  
  33  3:10  Zergling x10  
  33  3:11  Zergling x2  
  41  3:20  Zergling x2  
  41  3:22  Roach Warren  
  41  3:23  Zergling x2  
  42  3:30  Overlord  
  42  3:31  Drone  
  43  3:40  Drone  
  44  3:45  Overlord  
  44  3:48  Queen  
  46  3:53  Drone  
  47  3:56  Drone  
  47  3:57  Drone  
  47  3:59  Drone  
  49  4:08  Drone x2  
  49  4:09  Overlord, Drone  
  52  4:15  Roach x5  
  62  4:23  Roach x2  
  66  4:27  Overlord  
  66  4:31  Roach x2  
  68  4:38  Overlord  
  68  4:40  Roach x2  
  71  4:56  Lair  
  71  4:58  Evolution Chamber  
  69  5:04  Overlord, Hatchery  
  69  5:05  Drone x4  
  72  5:07  Drone  
  72  5:08  Drone  
  72  5:10  Extractor  
  72  5:11  Drone  
  72  5:13  Drone  
  72  5:14  Extractor  
  74  5:16  Drone x2  
  76  5:22  Roach  
  76  5:23  Roach  
  80  5:32  Roach x3  
  86  5:37  Overlord  
  86  5:43  Drone x2  
  86  5:44  Overlord  
  86  5:46  Roach x2  
  92  5:51  Overlord  
  92  5:55  Queen  
  94  5:57  Extractor  
  94  5:58  Drone x2  
  95  6:04  Zerg Missile Weapons Level 1  
  95  6:05  Drone  
  95  6:07  Overlord  
  96  6:14  Glial Reconstitution  
  96  6:15  Drone x4  
  96  6:17  Drone  
  100  6:19  Drone  
  96  6:28  Overseer  
  96  6:30  Overlord  
  95  6:34  Roach  
  95  6:35  Roach x3  
  95  6:36  Overlord  
  95  6:39  Roach  
  105  6:42  Overlord  
  105  6:51  Overlord  
  101  6:55  Drone x5  
  101  6:57  Overlord  
  98  7:02  Drone  
  98  7:05  Drone x5  
  103  7:08  Drone x2  
  103  7:10  Drone  
  106  7:17  Roach x2, Overlord  
  106  7:21  Overlord  
  110  7:24  Roach  
  110  7:26  Overlord  
  110  7:30  Overlord  
  110  7:33  Queen  
  110  7:35  Ravager x4  
  116  7:38  Roach  
  116  7:40  Roach  
  120  7:45  Roach x3  
  120  7:49  Roach x2  
  130  7:57  Roach x2  
  130  7:58  Roach x3  
  140  8:03  Zerg Missile Weapons Level 2  
  140  8:04  Drone x2  
  140  8:09  Drone x5  
  145  8:13  Drone x2  
  145  8:18  Extractor  
  145  8:19  Tunneling Claws  
  146  8:20  Burrow  
  146  8:25  Roach x2  
  146  8:26  Extractor  
  149  8:30  Roach x3  
  149  8:33  Roach  
  157  8:37  Roach x2  
  157  8:39  Roach  
  163  8:48  Roach  
  163  8:49  Roach x4  
  163  8:53  Roach x2  
  177  8:56  Roach x2  
  181  9:04  Roach x5  
  181  9:09  Ravager  
  192  9:14  Hatchery  
  192  9:15  Roach  
  193  9:23  Overlord  
  193  9:33  Roach x4  
  193  9:34  Roach x5  
Tags
 
Add a new tag
Caveats
  • Supply blocks, unpowered buildings, or Contaminate may cause inaccurate times.
  • Supply counts are checked every 10 seconds.